 Dungeon Crawl Stone Soup version 0.28-a0-664-gc179e30c89 (webtiles) character file.

Game seed: 13181469801501731163

26 lunkers the Skirmisher (level 3, 0/30 HPs)
             Began as a Djinni Cinder Acolyte on Oct 15, 2021.
             Was a High Priest of Ignis.
             Killed from afar by a dart slug (2 damage)
             ... with a slug dart
             ... on level 1 of the Dungeon.
             The game lasted 00:02:14 (761 turns).

lunkers the Skirmisher (Djinni Cinder Acolyte)       Turns: 761, Time: 00:02:14

Health: 0/30       AC:  3    Str: 13    XL:     3   Next: 22%
Gold:   28         EV: 11    Int: 16    God:    Ignis [*****.] SH:  0 Dex:  8

rFire   + + +      SeeInvis .   a - -1 falchion (flame)
rCold   x . .      Faith    .   (no shield)
rNeg    . . .      Spirit   .   b - +0 robe
rPois   ∞          Reflect  .   (no helmet)
rElec   .          Harm     .   c - +0 cloak
rCorr   .          Rampage  .   (no gloves)
Will    .....                   (boots unavailable)
Stlth   +.........              (no amulet)
HPRegen 0.10/turn               (no ring)
MPRegen 0.00/turn               (no ring)

@: flying, very slightly contaminated
A: sickness immunity, fire resistance 2, cold vulnerability 1, float, innate
caster, hp casting, extra vitality 1
a: Renounce Religion, Sea of Fire, Foxfire Swarm, Rising Flame


You were on level 1 of the Dungeon.
You worshipped Ignis.
Ignis was extremely pleased with you.
You visited 1 branch of the dungeon, and saw 1 of its levels.

You collected 28 gold pieces.

Inventory:

Hand Weapons
 a - a -1 falchion of flaming (weapon)
Armour
 b - a +0 robe (worn)
 c - a +0 cloak (worn)
Scrolls
 d - a scroll of enchant weapon {unknown}
 e - a scroll of teleportation {unknown}


   Skills:
 + Level 3.3 Fighting
 - Level 2.6 Long Blades
 * Level 3.0 Spellcasting


You had 5 spell levels left.
You knew the following spells:

 Your Spells              Type           Power      Damage    Failure   Level
a - Apportation           Tloc           24%        N/A       5%          1
p - Scorch                Fire           24%        2d6       8%          2
Your spell library was empty.

Dungeon Overview and Level Annotations

Branches:
Dungeon (1/15)

Altars:


Innate Abilities, Weirdness & Mutations

You are immune to sickness and miasma.
You are immune to poison.
Your flesh is very heat resistant. (rF++)
You are vulnerable to cold. (rC-)
You float through the air rather than walking.
You learn spells naturally, not from books.
Your magical power is your life essence.
You have superior vitality. (+4 HP)


Message History

The jackal closely misses you. The jackal barely misses you.
Your Spellcasting skill increases to level 3!
Casting: Scorch (safe; 9% risk of failure)
Press: ? - help, Q - select action, (/) - cycle Dir - look around, f - activate Flames lash the endoplasm.
You kill the endoplasm!
* * * LOW HITPOINT WARNING * * *
The jackal bites you but does no damage.
Casting: Scorch (safe; 9% risk of failure)
Press: ? - help, Q - select action, (/) - cycle Dir - look around, f - activate You miscast Scorch.
Nothing appears to happen.
* * * LOW HITPOINT WARNING * * *
The jackal barely misses you.
Casting: Scorch (safe; 9% risk of failure)
Press: ? - help, Q - select action, (/) - cycle Dir - look around, f - activate Flames lash the jackal.
The jackal is burned terribly!
You kill the jackal!
* * * LOW HITPOINT WARNING * * *
Casting: Scorch (safe; 9% risk of failure)
Press: ? - help, Q - select action, (/) - cycle Dir - look around, f - activate Flames lash the dart slug.
The dart slug is heavily wounded.
The dart slug's fire resistance burns away.
* * * LOW HITPOINT WARNING * * *
The kobold hits you with a +0 dagger.
* * * LOW HITPOINT WARNING * * *
Casting: Scorch (safe; 9% risk of failure)
Press: ? - help, Q - select action, (/) - cycle Dir - look around, f - activate Flames lash the kobold.
You kill the kobold!
* * * LOW HITPOINT WARNING * * *
Unknown command.
You don't have enough health to cast this spell.
Unknown command.
Unknown command.
The dart slug launches a dart at you. The slug dart misses you.
The dart slug launches a dart at you. The slug dart hits you.
You die...

#########
........#
#####.#
#...@.#
###.###.###
#...# #...#
###.###
###.### #...#
#.w.#######
#.###
#†###.......#
##.#
#††)...###...
#..###
#.###......#
#....#
...###...


You could see a dart slug.

Vanquished Creatures
  2 dart slugs (D:1)
  3 ball pythons (D:1)
  2 endoplasms (D:1)
  A giant cockroach (D:1)
  A hobgoblin (D:1)
  4 jackals (D:1)
  3 kobolds (D:1)
  3 bats (D:1)
  A frilled lizard (D:1)
  A rat (D:1)
21 creatures vanquished.

Notes
Turn   | Place    | Note
-------+----------+-------------------------------------------
     0 | D:1      | lunkers the Djinni Cinder Acolyte began the quest for the
                  | Orb.
     0 | D:1      | Reached XP level 1. HP: 20/20 MP: 0/0
   117 | D:1      | Reached XP level 2. HP: 17/25 MP: 0/0
   748 | D:1      | Reached XP level 3. HP: 19/30 MP: 0/0
   748 | D:1      | Learned a level 1 spell: Apportation
   761 | D:1      | Killed from afar by a dart slug

Illustrated notes

Levels and vault maps discovered:
D:1:      amcnicky_arrival_wind_blow, layout_loops_ring, minmay_quantized

Skill      XL: |  1  2  3 |
---------------+----------+-----
Spellcasting   | 3 |  3.0
Fighting       | |  3.3
Long Blades    | |  2.6

Action                   || total
-------------------------++-------
Melee: Falchion          ||    13
 Cast: Scorch            ||    25
Armor: Robe              ||     5
Dodge: Dodged            ||    16

Table legend: (Time is in decaauts)
 A = Elapsed time spent in this place.
 B = Non-inter-level travel time spent in this place.
 C = Inter-level travel time spent in this place.
 D = Time resting spent in this place.
 E = Time spent auto-exploring this place.
 F = Levels seen in this place.
 G = Mean time per level.
                   A        B        C        D        E       F      G
               +--------+--------+--------+--------+--------+-----+--------+
         Total |    763 |    763 |      0 |    225 |    430 |   1 |  763.0 |
       Dungeon |    763 |    763 |      0 |    225 |    430 |   1 |  763.0 |
               +--------+--------+--------+--------+--------+-----+--------+

Top non-repeatable levels by time:
     D:1: 763 daAuts
